Map: Incorporeal LE

Players

Fidelis

  • Race: Protoss Protoss
  • League: Diamond
  • Spawn Location: 5:00

ManlyManMeat - Winner!

  • Race: Zerg Zerg
  • League: Diamond
  • Spawn Location: 11:00

VOD

Have the link to the VOD?

Description

Time

  • Played on: July 3, 2025, 10:40 a.m.
  • Length: 10:40
Show
View Real Time Build Order
Export as new Build Order

Fidelis Protoss 

Build Orders:  

Get SALT Encoding   

  1  0:00  Probe  
  12  0:05  Probe  
  14  0:14  Probe  
  15  0:23  Pylon  
  15  0:41  Probe  
  16  0:43  Gateway  
  16  0:54  Probe, Assimilator  
  17  1:06  Probe  
  17  1:18  Gateway, Probe  
  18  1:30  Probe, Zealot  
  21  1:33  Cybernetics Core  
  21  1:42  Probe  
  21  1:44  Pylon  
  22  1:48  Assimilator  
  22  1:54  Probe  
  23  2:06  Probe  
  24  2:21  Nexus  
  24  2:22  Probe  
  25  2:28  Warp Gate  
  25  2:32  Adept  
  25  2:37  Probe  
  28  2:49  Stargate  
  28  2:52  Shield Battery  
  28  2:55  Probe  
  29  3:04  Pylon  
  29  3:07  Probe  
  30  3:19  Pylon, Probe  
  31  3:28  Sentry  
  31  3:31  Probe, Void Ray  
  34  3:38  Probe  
  39  3:47  Probe  
  39  3:50  Probe  
  39  3:55  Probe  
  41  4:02  Probe  
  43  4:05  Probe  
  44  4:11  Oracle  
  44  4:14  Probe  
  44  4:15  Assimilator  
  44  4:17  Probe, Assimilator  
  49  4:19  Pylon  
  49  4:26  Probe  
  50  4:34  Probe  
  50  4:36  Stalker  
  50  4:37  Stalker  
  55  4:39  Probe  
  55  4:41  Robotics Facility  
  56  4:45  Forge  
  56  4:48  Probe  
  56  4:51  Probe  
  58  5:01  Probe  
  58  5:02  Stalker x2  
  58  5:03  Probe  
  64  5:13  Twilight Council  
  64  5:19  Probe x2  
  66  5:31  Probe, Stalker  
  69  5:40  Charge  
  69  5:43  Nexus  
  69  5:47  Pylon  
  69  5:50  Pylon  
  69  5:54  Observer  
  70  5:57  Protoss Ground Weapons Level 1  
  70  6:05  Pylon, Probe x2  
  70  6:06  Pylon  
  72  6:13  Gateway  
  72  6:14  Gateway  
  72  6:16  Gateway  
  72  6:18  Gateway  
  72  6:21  Shield Battery  
  72  6:24  Photon Cannon  
  72  6:40  Stalker x2  
  76  6:49  Probe x2  
  78  7:06  Probe  
  78  7:07  Probe x2  
  81  7:14  Templar Archives  
  81  7:21  Gateway x2  
  81  7:22  Gateway  
  81  7:23  Gateway  
  81  7:28  Pylon  
  81  7:30  Pylon  
  81  7:35  Blink  
  81  7:55  High Templar x3  
  81  7:56  High Templar  
  81  7:57  High Templar x2  
  93  8:01  Archon x3  
  81  8:29  Warp Prism  
  83  8:38  Gateway  
  83  8:42  Photon Cannon  
  83  8:46  Photon Cannon  
  83  8:47  Probe  
  83  8:48  Probe x2  
  86  8:53  Pylon  
  86  8:57  Photon Cannon  
  86  8:59  Photon Cannon  
  86  9:00  Probe, Photon Cannon  
  86  9:02  Photon Cannon  
  87  9:04  High Templar  
  87  9:05  High Templar x3  
  95  9:11  Archon  
  95  9:12  Archon  
  93  9:25  Zealot x2  
  93  9:26  Zealot x3  
  101  9:41  Adept  
  99  9:52  Zealot  
  99  9:53  Zealot x2  
  99  9:54  Zealot x3  
  99  9:55  Zealot x2  
  58  10:16  Zealot x3  
  58  10:17  Zealot x5  
  58  10:18  Zealot  
Show
View Real Time Build Order
Export as new Build Order

ManlyManMeat Zerg - Winner!

Build Orders: Hatch First 

Get SALT Encoding   

  12  0:00  Drone  
  13  0:08  Drone  
  14  0:15  Extractor  
  14  0:16  Drone  
  15  0:22  Overlord  
  15  0:42  Drone  
  16  0:46  Hatchery  
  15  0:57  Drone x3  
  19  1:11  Extractor  
  17  1:18  Spawning Pool  
  17  1:25  Drone  
  17  1:29  Drone  
  18  1:42  Drone  
  19  1:56  Drone  
  20  2:05  Queen x2  
  20  2:06  Zergling x4  
  26  2:12  Metabolic Boost  
  26  2:17  Drone x2  
  28  2:28  Overlord  
  28  2:45  Hatchery  
  28  2:50  Drone x4  
  31  3:04  Drone  
  31  3:05  Drone x3  
  35  3:12  Overlord  
  35  3:13  Overlord  
  35  3:29  Drone  
  35  3:45  Drone x3  
  35  3:47  Drone x3  
  41  4:01  Drone x2  
  43  4:03  Queen  
  43  4:04  Queen  
  43  4:06  Spore Crawler  
  43  4:08  Spore Crawler  
  45  4:26  Extractor  
  45  4:30  Drone x3  
  47  4:32  Drone x2  
  47  4:33  Overlord x2  
  47  4:34  Overlord  
  49  4:50  Overlord x3  
  49  4:56  Lair  
  49  4:58  Drone  
  49  4:59  Drone x3  
  53  5:00  Evolution Chamber  
  53  5:01  Evolution Chamber  
  53  5:02  Zergling x4  
  53  5:03  Zergling x4, Hatchery  
  53  5:05  Drone x2  
  56  5:10  Hatchery  
  55  5:23  Drone x2  
  55  5:24  Drone x4  
  61  5:34  Baneling Nest  
  60  5:39  Drone x2  
  60  5:40  Drone x3  
  60  5:41  Drone x2  
  67  5:57  Overseer  
  66  6:08  Zerg Ground Armor Level 1, Zerg Missile Weapons Level 1  
  66  6:12  Evolution Chamber, Extractor  
  66  6:13  Drone x3, Extractor  
  66  6:14  Drone x3  
  66  6:16  Drone x2  
  66  6:17  Drone, Extractor  
  66  6:18  Drone x4, Extractor  
  72  6:19  Drone x2  
  75  6:25  Queen  
  75  6:28  Zergling x12  
  83  6:39  Baneling x6  
  83  6:43  Centrifugal Hooks  
  83  6:49  Zergling x8  
  83  6:50  Zergling x14  
  94  7:00  Zerg Melee Weapons Level 1  
  93  7:10  Hydralisk Den  
  93  7:12  Zergling x2  
  93  7:13  Overlord x5  
  93  7:14  Overlord  
  93  7:20  Baneling x19  
  93  7:22  Overlord x4  
  90  7:47  Hydralisk x4, Grooved Spines  
  90  7:48  Hydralisk x3  
  104  7:52  Drone x6  
  100  8:20  Hydralisk  
  100  8:21  Hydralisk x10  
  122  8:31  Hydralisk x3  
  122  8:32  Hydralisk  
  130  8:37  Overseer  
  130  8:45  Extractor  
  130  8:46  Extractor  
  130  8:47  Drone x3  
  130  8:48  Drone x4  
  133  8:54  Muscular Augments  
  135  9:02  Hydralisk x7  
  135  9:04  Zergling x2  
  135  9:05  Zergling x28  
  163  9:17  Zergling x2  
  163  9:18  Zergling x2, Overlord x3  
  159  9:43  Zergling x22  
  159  9:44  Zergling x8  
  173  9:56  Drone x5  
  163  10:11  Hydralisk x9  
Tags
 
Add a new tag
Caveats
  • Supply blocks, unpowered buildings, or Contaminate may cause inaccurate times.
  • Supply counts are checked every 10 seconds.